 Dungeon Crawl Stone Soup version 0.18.1-47-g9310371 (webtiles) character file.

24275 dvd the Nimble (level 12, -11/118 HPs)
             Began as a Troll Monk on June 16, 2016.
             Was the Champion of Ru.
             Engulfed by an ice statue's freezing vapour (19 damage)
             ... in an ice cave.
             The game lasted 00:53:30 (14409 turns).

dvd the Nimble (Troll Monk)                        Turns: 14409, Time: 00:53:31

Health: -11/118    AC:  5    Str: 23    XL:     12   Next: 79%
Magic:  9/9        EV: 12    Int:  6    God:    Ru [******]
Gold:   578        SH: 17    Dex: 15    Spells: 0 memorised, 11 levels left

rFire  + . .     SeeInvis .       - Unarmed
rCold  . . .     Gourm    +     a - +0 robe
rNeg   . . .     Faith    .     m - +1 large shield
rPois  .         Spirit   .     (helmet restricted)
rElec  .         Dismiss  .     (no cloak)
rCorr  .         Reflect  .     (gloves unavailable)
SustAt .         Harm     .     (boots unavailable)
MR     .....                    (no amulet)
Stlth  ..........               (no ring)
                                H - ring of protection from fire

@: heavily drained, not resistant to hostile enchantments, extremely unstealthy
A: unfitting armour, claws 3, fast metabolism 3, gourmand, low mp 1, sense
surroundings 1, regeneration 2, shaggy fur 1, tough skin 2, subdued magic 1, no
stealth, inability to use devices, cowardly, inability to train armour
a: Draw Out Power, Power Leap, Apocalypse, Renounce Religion


You were in an ice cave.
You worshipped Ru.
Ru was exalted by your worship.
You were not hungry.

You visited 3 branches of the dungeon, and saw 15 of its levels.
You also visited: Sewer and Ice Cave.

You collected 578 gold pieces.

Inventory:

Hand Weapons
 h - a +2 whip of flaming
 n - the +9 war axe "Agumni" {drain, rElec rF- Stlth+}
   (You found it on level 7 of the Dungeon)

   A truly terrible weapon, it drains the life of those it strikes.
   It makes you vulnerable to fire.
   It insulates you from electricity.
   It makes you more stealthy.
 u - a +4 hunting sling of flaming
 v - a +2 quarterstaff of crushing
 y - a +2 vampiric war axe
 C - a +2 trident of venom
 L - the +9 rapier of Obomeuwk {venom, *Drain rPois rC++}
   (You took it off a necromancer in an ice cave)

   It poisons the flesh of those it strikes.
   It greatly protects you from cold.
   It protects you from poison.
   It causes draining when unequipped.
Missiles
 p - 7 javelins of returning
 w - 16 tomahawks
 B - 2 poisoned javelins
 K - 7 javelins of penetration (quivered)
Armour
 a - a +0 robe (worn)
 m - a +1 large shield (worn)
Jewellery
 H - a ring of protection from fire (left claw)
Scrolls
 e - 6 scrolls of remove curse {unknown}
 g - 4 scrolls of enchant weapon {unknown}
 i - 16 scrolls of identify
 l - a scroll of magic mapping
 o - a scroll of acquirement {unknown}
 q - 4 scrolls of teleportation
 r - a scroll of fear {unknown}
 x - 5 scrolls of immolation {unknown}
 A - 7 scrolls of fog
 E - a scroll of summoning {unknown}
 M - a scroll of blinking {unknown}
Potions
 c - a potion of cure mutation
 d - 4 potions of brilliance
 k - a potion of curing
 z - 2 potions of flight
 G - a potion of magic
Books
 j - a book of Cantrips

   Spells                             Type                      Level
   a - Corona                         Hexes                        1
   b - Animate Skeleton               Necromancy                   1
   c - Summon Small Mammal            Summoning                    1
   d - Apportation                    Translocation                1
 I - a book of Enchantments

   Spells                             Type                      Level
   a - Cause Fear                     Hexes                        4
   b - Yara's Violent Unravelling     Hexes/Transmutation          5
   c - Silence                        Hexes/Air                    5
   d - Deflect Missiles               Charms/Air                   6
   e - Haste                          Charms                       6
   f - Discord                        Hexes                        8
 J - a book of Burglary

   Spells                             Type                      Level
   a - Swiftness                      Charms/Air                   2
   b - Passwall                       Transmutation/Earth          2
   c - Passage of Golubria            Translocation                4
   d - Lee's Rapid Deconstruction     Earth                        5
   e - Darkness                       Hexes                        6
   f - Invisibility                   Hexes                        6
Comestibles
 b - 10 bread rations
 s - 5 beef jerkies
 t - 8 slices of pizza
 D - 4 meat rations
 F - 12 fruits


   Skills:
 + Level 7.6(5.3) Fighting
 + Level 1.7(0.0) Polearms
 + Level 3.4(1.4) Throwing
 + Level 11.0(8.5) Dodging
 + Level 8.6(6.3) Shields
 + Level 10.3(7.9) Unarmed Combat


You had 11 spell levels left.
You didn't know any spells.

Dungeon Overview and Level Annotations

Branches:
Dungeon (11/15)            Temple (1/1) D:5            Lair (3/8) D:10
  Snake (0/4) Lair:3          Orc (0/2) D:11
  Swamp: Lair:3-6    Shoals: Lair:3-6

Altars:
Ashenzari
Cheibriados
Dithmenos
Elyvilon
Fedhas
Gozag
Kikubaaqudgha
Makhleb
Nemelex Xobeh
Okawaru
Pakellas
Qazlal
Ru
Sif Muna
Trog
Vehumet
Xom
Yredelemnul
Zin
The Shining One

Annotations:
IceCv exclusion: 2 ice statues


Innate Abilities, Weirdness & Mutations

You are too large for most types of armour.
You have claws for hands.
Your metabolism is lightning-fast.
You like to eat raw meat.
Your magical capacity is low (-10% MP).
You heal very quickly.
You are covered in fur (AC +1).
You have very tough skin (AC +2).
You cannot be stealthy.
You cannot study or use magical devices.
Your cowardice makes you less effective in combat with threatening monsters.
You cannot train Armour skill.
You passively map a small area around you.
Your spells are a little easier to cast, but a little less powerful.


Message History

You scratch the ice statue but do no damage.
The ice statue is almost destroyed.
The ice statue gestures at you. The freezing blast engulfs you!
* * * LOW HITPOINT WARNING * * *
You focus your will and illuminate the ice statue in retribution!
You block the ice beast's attack. x2
You scratch the ice statue but do no damage.
The ice statue is almost destroyed.
You are engulfed in freezing vapours.
* * * LOW HITPOINT WARNING * * *
The ice beast hits you.
* * * LOW HITPOINT WARNING * * *
The ice beast freezes you.
* * * LOW HITPOINT WARNING * * *
The ice beast misses you.
You scratch the ice statue.
The ice statue is almost destroyed.
You are engulfed in freezing vapours.
You die...

## ####8####
#..§Y@§§#
#.##Y##.# #§§
#.# * #.⌠ #.# ##
#?. #.##
###8.#####..####
...............#
######'######'#
#.'.......'.#.#


You could see an ice statue and 2 ice beasts.

Vanquished Creatures
  4 hydras
  2 hill giants
  An orc knight (D:11)
  Pikel (D:7)
  A necromancer (IceCv)
  5 spiny frogs
  2 black mambas
  3 ice statues (IceCv)
  Joseph (D:7)
  2 komodo dragons (Lair:2)
  9 ice devils (IceCv)
  The ghost of protoss039 the Chopper, an amateur MiFi of Okawaru (D:4)
  A polar bear (Lair:3)
  A troll (D:11)
  A two-headed ogre (D:9)
  23 yaks
  A basilisk (Lair:2)
  3 hippogriffs
  2 hungry ghosts
  A warg (D:11)
  A steam dragon (D:10)
  Menkaure (D:7)
  A naga (Lair:3)
  Duvessa (D:4)
  8 water moccasins
  5 porcupines
  5 ice beasts
  A slave (D:6)
  2 necrophages
  3 orc warriors
  2 black bears
  2 phantoms
  11 wolves
  7 ogres
  4 crocodiles
  5 centaurs
  4 big kobolds
  A wyvern zombie (D:8)
  11 giant frogs
  Dowan (D:4)
  5 killer bees
  A scorpion (D:5)
  A giant frog zombie (D:7)
  4 crimson imps
  A jelly (D:8)
  A draconian simulacrum (IceCv)
  3 orc priests
  4 hounds
  3 centaur zombies
  3 centaur skeletons
  6 iguanas
  5 orc wizards
  3 troll simulacra (IceCv)
  9 worker ants
  A sheep (D:9)
  A centaur simulacrum (IceCv)
  2 hound zombies
  A hound skeleton (D:6)
  8 gnolls
  2 naga simulacra (IceCv)
  2 ogre simulacra (IceCv)
  10 adders
  26 river rats
  3 shadow imps
  12 white imps (Lair:3)
  An ooze (D:3)
  3 worms
  4 dart slugs
  6 giant geckos
  12 orcs
  A ball python (D:3)
  8 giant cockroaches
  8 hobgoblins
  12 jackals
  8 kobolds
  5 quokkas
  6 bats
  A giant cockroach zombie (D:5)
  A giant gecko skeleton (D:7)
  8 giant newts
  6 goblins
  8 rats
  3 fungi
  A plant (Lair:3)
360 creatures vanquished.

Vanquished Creatures (others)
  A hydra (Lair:3)
  A slave (D:7)
  A killer bee (D:9)
  A sheep (D:9)
  A centaur simulacrum (IceCv)
  2 orcs (D:7)
  A fungus (Lair:2)
  A plant (D:9)
  4 toadstools (D:1)
13 creatures vanquished.

Grand Total: 373 creatures vanquished

Notes
Turn   | Place    | Note
--------------------------------------------------------------
     0 | D:1      | dvd the Troll Monk began the quest for the Orb.
     0 | D:1      | Reached XP level 1. HP: 22/22 MP: 0/0
    72 | D:1      | Reached XP level 2. HP: 16/29 MP: 1/1
   661 | D:1      | Reached XP level 3. HP: 36/36 MP: 2/2
  1192 | D:2      | Reached XP level 4. HP: 44/44 MP: 3/3
  1257 | D:2      | Reached skill level 3 in Dodging
  1723 | D:3      | Found an opulent altar of Gozag.
  1840 | D:3      | Reached skill level 1 in Shields
  1840 | D:3      | Reached XP level 5. HP: 40/53 MP: 4/4
  1912 | D:3      | Found a radiant altar of Vehumet.
  1928 | D:3      | Found an iron altar of Okawaru.
  2049 | D:4      | Noticed Duvessa
  2049 | D:4      | Noticed Dowan
  2108 | D:4      | Noticed a phantom
  2112 | D:4      | Noticed protoss039's ghost (amateur MiFi)
  2122 | D:4      | Found an iron altar of Okawaru.
  2158 | D:3      | Killed a phantom
  2158 | D:3      | Reached skill level 5 in Unarmed Combat
  2539 | D:4      | Reached skill level 4 in Dodging
  2539 | D:4      | Reached XP level 6. HP: 36/61 MP: 5/5
  2668 | D:4      | Found a deep blue altar of Sif Muna.
  2668 | D:4      | Found a glowing golden altar of the Shining One.
  2668 | D:4      | Found a white marble altar of Elyvilon.
  2979 | D:5      | Entered Level 5 of the Dungeon
  3201 | D:5      | Found a staircase to the Ecumenical Temple.
  3213 | Temple   | Entered the Ecumenical Temple
  3624 | Temple   | Became a worshipper of Ru the Awakened
  3642 | Temple   | Gained mutation: You cannot study or use magical devices. [Ru sacrifice]
  3642 | Temple   | Reached * piety under Ru
  3642 | Temple   | Reached ** piety under Ru
  3642 | Temple   | Reached *** piety under Ru
  3753 | D:5      | Reached XP level 7. HP: 57/67 MP: 6/6
  4181 | D:6      | Reached skill level 5 in Dodging
  4182 | D:6      | Found an oddly glowing altar of Pakellas.
  4213 | D:6      | Found a glowing drain.
  4242 | Sewer    | Entered a sewer
  4436 | Sewer    | Reached XP level 8. HP: 69/78 MP: 7/7
  4456 | Sewer    | Found a white marble altar of Elyvilon.
  4570 | D:6      | You fall through a shaft!
  4723 | D:7      | Noticed Menkaure
  4732 | D:7      | Killed Menkaure
  4752 | D:7      | Found a bloodstained altar of Trog.
  4758 | D:7      | Noticed Pikel
  5044 | D:6      | Reached skill level 6 in Dodging
  5638 | D:4      | Killed Dowan
  5658 | D:4      | Killed Duvessa
  5790 | D:5      | Gained mutation: You have a pair of small antennae on your head. [potion of mutation]
  5790 | D:5      | Gained mutation: You are resistant to hostile enchantments. [potion of mutation]
  5790 | D:5      | Gained mutation: Your spells are a little harder to cast, but a little more powerful. [potion of mutation]
  5791 | D:5      | Lost mutation: You are resistant to hostile enchantments. [potion of cure mutation]
  5791 | D:5      | Lost mutation: Your spells are a little harder to cast, but a little more powerful. [potion of cure mutation]
  5791 | D:5      | Lost mutation: You have a pair of small antennae on your head. [potion of cure mutation]
  5793 | D:5      | Gained mutation: You passively map a small area around you. [potion of mutation]
  5793 | D:5      | Gained mutation: Your spells are a little easier to cast, but a little less powerful. [potion of mutation]
  5810 | D:4      | Killed protoss039's ghost
  5810 | D:4      | Reached XP level 9. HP: 46/85 MP: 8/8
  5846 | D:4      | Gained mutation: Your cowardice makes you less effective in combat with threatening monsters. [Ru sacrifice]
  5846 | D:4      | Reached **** piety under Ru
  6228 | D:7      | Killed Pikel
  6313 | D:7      | Got an ebony war axe
  6325 | D:7      | Reached skill level 5 in Fighting
  6325 | D:7      | Reached skill level 7 in Dodging
  6328 | D:7      | Identified the +9 war axe "Agumni" {drain, rElec rF- Stlth+} (You found it on level 7 of the Dungeon)
  6352 | D:7      | Noticed Joseph
  6363 | D:7      | Killed Joseph
  6363 | D:7      | Reached skill level 5 in Shields
  6554 | D:7      | Found a basalt altar of Yredelemnul.
  7558 | D:9      | Reached XP level 10. HP: 77/95 MP: 9/9
  8092 | D:9      | Reached skill level 8 in Dodging
  8106 | D:9      | Gained mutation: You cannot train Armour skill. [Ru sacrifice]
  8106 | D:9      | Reached ***** piety under Ru
  8188 | D:9      | Noticed a three-headed hydra
  8228 | D:9      | Killed a four-headed hydra
  8499 | D:10     | Entered Level 10 of the Dungeon
  8644 | D:10     | Found a staircase to the Lair.
  8788 | D:10     | Reached skill level 9 in Dodging
  8796 | D:10     | Reached skill level 1 in Polearms
  9007 | D:10     | Reached XP level 11. HP: 104/105 MP: 10/10
  9184 | D:10     | Noticed a hill giant
  9269 | D:9      | Killed a hill giant
  9610 | D:11     | Noticed a hill giant
  9620 | D:11     | Killed a hill giant
  9620 | D:11     | Reached skill level 1 in Throwing
  9644 | D:11     | Noticed an orc knight
  9665 | D:11     | Killed an orc knight
  9681 | D:11     | Noticed a cyan ugly thing
  9751 | Lair:1   | Entered Level 1 of the Lair of Beasts
  9899 | Lair:1   | Noticed a five-headed hydra
 10084 | D:10     | Killed a five-headed hydra
 10323 | Lair:1   | Noticed a four-headed hydra
 10354 | Lair:1   | Killed a five-headed hydra
 10946 | Lair:1   | Reached skill level 10 in Dodging
 11029 | Lair:1   | Noticed a seven-headed hydra
 11037 | Lair:1   | Killed an eight-headed hydra
 11037 | Lair:1   | Reached XP level 12. HP: 63/118 MP: 11/11
 11362 | Lair:1   | Gained mutation: Your magical capacity is low (-10% MP). [Ru sacrifice]
 12687 | Lair:3   | Found a frozen archway.
 12836 | Lair:3   | Reached skill level 10 in Unarmed Combat
 12844 | Lair:3   | Noticed an eight-headed hydra
 12931 | Lair:3   | Gained mutation: You cannot be stealthy. [Ru sacrifice]
 12931 | Lair:3   | Reached ****** piety under Ru
 12985 | Lair:3   | Found a bloodstained altar of Trog.
 13086 | Lair:3   | Killed an eight-headed hydra
 13118 | Lair:3   | Found a staircase to the Snake Pit.
 13150 | IceCv    | Entered an ice cave
 13885 | IceCv    | Reached skill level 11 in Dodging
 14050 | IceCv    | Got a jewelled rapier {venom}
 14051 | IceCv    | Identified the +9 rapier of Obomeuwk {venom, *Drain rPois rC++} (You took it off a necromancer in an ice cave)
 14190 | IceCv    | HP: 3/118 [ice beast[an ice statue] (3)]
 14197 | IceCv    | HP: 5/118 [something (9)]
 14409 | IceCv    | Engulfed by an ice statue's freezing vapour

Skill      XL: |  1  2  3  4  5  6  7  8  9 10 11 12 |
---------------+-------------------------------------+-----
Dodging        | 3 4 5 6 7 9 10 11 | 11.0
Fighting       | 3 4 5 6 7 |  7.6
Shields        | 1 2 3 4 5 6 7 8 |  8.6
Unarmed Combat | 5 6 7 8 9 10 | 10.3
Stealth        | 2 3 0 |  0.0
Polearms       | 1 |  1.7
Throwing       | 2 3 |  3.4

Action                   |  1- 3 |  4- 6 |  7- 9 | 10-12 || total
-------------------------+-------+-------+-------+-------++-------
Melee: Unarmed           |    93 |   195 |   370 |   700 ||  1358
       Punch             |     1 |       |       |       ||     1
       Trident           |       |       |       |    60 ||    60
       Rapier            |       |       |       |    46 ||    46
Throw: Javelin           |       |     3 |       |    68 ||    71
Invok: Sacrifice Artific |       |     1 |       |       ||     1
       Draw Out Power    |       |       |     1 |     1 ||     2
       Sacrifice Courage |       |       |     1 |       ||     1
       Apocalypse        |       |       |       |    10 ||    10
       Sacrifice Durabil |       |       |       |     1 ||     1
       Power Leap        |       |       |       |     1 ||     1
       Sacrifice Essence |       |       |       |     1 ||     1
       Sacrifice Stealth |       |       |       |     1 ||     1
  Use: Potion            |       |       |     9 |     9 ||    18
       Scroll            |       |       |     8 |     1 ||     9
 Stab: Sleeping          |     4 |     3 |     2 |     6 ||    15
       Invisible         |       |       |     4 |    14 ||    18
       Distracted        |       |       |     1 |     6 ||     7
       Paralysed         |       |       |     2 |    13 ||    15
  Eat: Chunk             |    16 |    20 |    39 |    59 ||   134
       Meat ration       |       |       |     1 |     1 ||     2
Armor: Robe              |    37 |    52 |    46 |    87 ||   222
Dodge: Dodged            |    49 |    23 |    74 |   279 ||   425
Block: Large shield      |    18 |   104 |   225 |   681 ||  1028
